 Dungeon Crawl Stone Soup version 0.17.0-1-g61d176b (console) character file.

352 gw the Shield-Bearer (level 6, -7/39 HPs)
             Began as a Gargoyle Fighter on Nov 7, 2015.
             Was a Follower of the Shining One.
             Mangled by a two-headed ogre
             ... wielding a +0 giant club
              (18 damage)
             ... on level 4 of the Dungeon.
             The game lasted 00:08:32 (3783 turns).

gw the Shield-Bearer (Gargoyle Fighter)             Turns: 3783, Time: 00:08:33

Health: -7/39      AC: 15    Str: 20    XL:     6   Next: 61%
Magic:  7/7        EV:  5    Int:  8    God:    the Shining One [*.....]
Gold:   143        SH:  9    Dex: 11    Spells: 0 memorised, 5 levels left

rFire  . . .     SeeInvis .     a - +0 flail
rCold  . . .     Clarity  .     f - +2 chain mail {rPois}
rNeg   + . .     SustAt   .     c - +0 shield
rPois  ∞         Gourm    .     (no helmet)
rElec  +         Spirit   .     (no cloak)
rCorr  .         Warding  .     (no gloves)
rMut   .         Stasis   .     (no boots)
MR     .....                    (no amulet)
Stlth  ..........               (no ring)
                                (no ring)

@: glowing, not resistant to hostile enchantments, extremely unstealthy
A: negative energy resistance 1, electricity resistance, unbreathing,
petrification resistance, rot immunity, AC +4
a: Renounce Religion


You were on level 4 of the Dungeon.
You worshipped the Shining One.
The Shining One was aware of your devotion.
You were not hungry.

You visited 1 branch of the dungeon, and saw 4 of its levels.

You collected 143 gold pieces.

Inventory:

Hand Weapons
 a - a +0 flail (weapon)
Missiles
 d - 20 bolts of frost
Armour
 c - a +0 shield (worn)
 f - a +2 chain mail of poison resistance (worn)
Comestibles
 e - 2 bread rations


   Skills:
 + Level 4.3 Fighting
 * Level 4.3 Maces & Flails
 + Level 4.1 Armour
 + Level 4.6 Shields
 + Level 2.3 Invocations


You had 5 spell levels left.
You didn't know any spells.

Dungeon Overview and Level Annotations

Branches:
Dungeon (4/15)
 Temple: D:4-7

Altars:
Xom
The Shining One


Innate Abilities, Weirdness & Mutations

You are resistant to torment.
Your stone body is resilient (AC +4).
You are immune to poison.
You resist negative energy.
You are resistant to electric shocks.
You can survive without breathing.
You are immune to petrification.
You are immune to rotting.


Message History

MOVING TO (-2,-3) Unknown command.
Unknown command.
Unknown command.
MOVING TO (-1,-2) Unknown command.
Unknown command.
Unknown command.
MOVING TO (-1,-1) Unknown command.
Unknown command.
Unknown command.
MOVING TO (7,0) Unknown command.
Unknown command.
Unknown command.
MOVING TO (6,0)
The two-headed ogre hits you with a giant club.
The two-headed ogre hits you with a giant club!!
You die...

.##.###.### #.###
.##.#.....# #.#
.##.......### #.#
.....[......# #.#
..........#.# #.#
..........#.# #.#
###..######.# #.# #..#
##.#########.####
#....
#......9........#
#.##.#
#...#.O.#######.# #.#
.# #.......#Ss~~~#.##
... #
#.......#Ss.~~+..#
#.......#~~~~~#..#
#.......#######..#
#....=...........#
#..........#.##...# #
.
#.#.#.##.............#


You could see a two-headed ogre, 2 adders and 2 giant cockroaches.

Table legend:
 A = Turns spent in this place as a percentage of turns spent in the entire game.
 B = Non-inter-level travel turns spent in this place as a percentage of non-inter-level travel turns spent in the entire game.
 C = Inter-level travel turns spent in this place as a percentage of turns spent in this place.
 D = Turns resting spent in this place as a percentage of non-inter-level travel turns spent in this place.
 E = Turns spent auto-exploring this place as a percentage of non-inter-level travel turns spent in this place.
 F = Non-inter-level travel turns spent in this place divided by the number of levels of this place that you've seen.
                   A       B       C       D       E      F
               +-------+-------+-------+-------+-------+----------------------
         Total | 100.0 | 100.0 |   0.6 |   1.7 |   1.5 | 2430.8
       Dungeon | 100.0 | 100.0 |   0.6 |   1.7 |   1.5 | 2430.8
               +-------+-------+-------+-------+-------+----------------------

Table legend:
 A = Kills in this place as a percentage of kills in entire the game.
 B = Kills by you in this place as a percentage of kills by you in the entire game.
 C = Kills by friends in this place as a percentage of kills by friends in the entire game.
 D = Other kills in this place as a percentage of other kills in the entire game.
 E = Experience gained in this place as a percentage of experience gained in the entire game.
 F = Experience gained in this place divided by the number of levels of this place that you have seen.
                   A       B       C       D       E      F
               +-------+-------+-------+-------+-------+----------------------
         Total | 100.0 | 100.0 |  -nan |  -nan | 100.0 | 125.8
       Dungeon | 100.0 | 100.0 |  -nan |  -nan | 100.0 | 125.8
               +-------+-------+-------+-------+-------+----------------------

Vanquished Creatures
  A scorpion (D:4)
  Terence (D:3)
  4 worker ants (D:4)
  9 adders
  An ooze (D:3)
  4 worms
  4 giant geckos
  3 orcs
  2 giant cockroaches (D:3)
  8 hobgoblins
  A quokka (D:2)
  2 ball pythons
  9 bats
  5 giant newts
  7 goblins
  10 jackals
  8 kobolds
  7 rats
86 creatures vanquished.

Vanquished Creatures (others)
  An orc wizard (D:4)
  A worker ant (D:4)
  An adder (D:4)
  A giant gecko (D:4)
  A giant cockroach (D:4)
  A ball python (D:4)
6 creatures vanquished.

Grand Total: 92 creatures vanquished

Notes
Turn   | Place    | Note
--------------------------------------------------------------
     0 | D:1      | gw the Gargoyle Fighter began the quest for the Orb.
     0 | D:1      | Reached XP level 1. HP: 14/14 MP: 1/1
   259 | D:1      | Reached XP level 2. HP: 19/19 MP: 2/2
   717 | D:1      | Found a glowing golden altar of the Shining One.
   765 | D:1      | Became a worshipper of the Shining One
   897 | D:1      | Reached XP level 3. HP: 18/23 MP: 3/3
  1751 | D:2      | Reached XP level 4. HP: 25/28 MP: 4/4
  1764 | D:2      | Reached skill level 4 in Shields
  2338 | D:3      | Reached skill level 1 in Invocations
  2347 | D:3      | Noticed Terence
  2380 | D:3      | Killed Terence
  2380 | D:3      | Reached XP level 5. HP: 26/33 MP: 4/6
  2749 | D:3      | Reached * piety under the Shining One
  3165 | D:4      | Found a shimmering altar of Xom.
  3396 | D:4      | Reached XP level 6. HP: 38/38 MP: 7/7
  3641 | D:4      | Found a glowing drain.
  3744 | D:4      | Noticed a two-headed ogre
  3783 | D:4      | Mangled by a two-headed ogre

Action                   |  1- 3 |  4- 6 || total
-------------------------+-------+-------++-------
Melee: Flail             |   131 |   197 ||   328
  Use: Potion            |     1 |       ||     1
  Eat: Chunk             |     3 |     7 ||    10

Vault maps used:
D:1:      dpeg_arrival_morbid_curiosity, tso_metal_star
D:2:      first_bread
D:3:      kennysheep_generic_room_3, uniq_terence
D:4:      minitemple, gup_sewer_entry_glass, xom_confusion_cloud
